Workbook

Sheet Log
A1: Freelance Income & Expense Log
A2: Date | B2: Client | C2: Project | D2: Type | E2: Category | F2: Amount | G2: Notes
A3: 46028 | B3: Acme Co | C3: Logo design | D3: Income | E3: Design | F3: 850
A4: 46032 | B4: Acme Co | C4: Adobe subscription | D4: Expense | E4: Software | F4: 59.99
A5: 46042 | B5: Beta LLC | C5: Landing page | D5: Income | E5: Web | F5: 1500

Sheet Monthly Summary
A1: Year | B1: 2026
A3: Month | B3: Income | C3: Expenses | D3: Profit
A4: =TEXT(DATE($B$1,1,1),"mmm yyyy") | B4: =SUMIFS(Log!$F:$F,Log!$A:$A,">="&DATE($B$1,1,1),Log!$A:$A,"<"&DATE($B$1,2,1),Log!$D:$D,"Income") | C4: =SUMIFS(Log!$F:$F,Log!$A:$A,">="&DATE($B$1,1,1),Log!$A:$A,"<"&DATE($B$1,2,1),Log!$D:$D,"Expense") | D4: =B4-C4
A5: =TEXT(DATE($B$1,2,1),"mmm yyyy") | B5: =SUMIFS(Log!$F:$F,Log!$A:$A,">="&DATE($B$1,2,1),Log!$A:$A,"<"&DATE($B$1,3,1),Log!$D:$D,"Income") | C5: =SUMIFS(Log!$F:$F,Log!$A:$A,">="&DATE($B$1,2,1),Log!$A:$A,"<"&DATE($B$1,3,1),Log!$D:$D,"Expense") | D5: =B5-C5
A6: =TEXT(DATE($B$1,3,1),"mmm yyyy") | B6: =SUMIFS(Log!$F:$F,Log!$A:$A,">="&DATE($B$1,3,1),Log!$A:$A,"<"&DATE($B$1,4,1),Log!$D:$D,"Income") | C6: =SUMIFS(Log!$F:$F,Log!$A:$A,">="&DATE($B$1,3,1),Log!$A:$A,"<"&DATE($B$1,4,1),Log!$D:$D,"Expense") | D6: =B6-C6
A7: =TEXT(DATE($B$1,4,1),"mmm yyyy") | B7: =SUMIFS(Log!$F:$F,Log!$A:$A,">="&DATE($B$1,4,1),Log!$A:$A,"<"&DATE($B$1,5,1),Log!$D:$D,"Income") | C7: =SUMIFS(Log!$F:$F,Log!$A:$A,">="&DATE($B$1,4,1),Log!$A:$A,"<"&DATE($B$1,5,1),Log!$D:$D,"Expense") | D7: =B7-C7
A8: =TEXT(DATE($B$1,5,1),"mmm yyyy") | B8: =SUMIFS(Log!$F:$F,Log!$A:$A,">="&DATE($B$1,5,1),Log!$A:$A,"<"&DATE($B$1,6,1),Log!$D:$D,"Income") | C8: =SUMIFS(Log!$F:$F,Log!$A:$A,">="&DATE($B$1,5,1),Log!$A:$A,"<"&DATE($B$1,6,1),Log!$D:$D,"Expense") | D8: =B8-C8
A9: =TEXT(DATE($B$1,6,1),"mmm yyyy") | B9: =SUMIFS(Log!$F:$F,Log!$A:$A,">="&DATE($B$1,6,1),Log!$A:$A,"<"&DATE($B$1,7,1),Log!$D:$D,"Income") | C9: =SUMIFS(Log!$F:$F,Log!$A:$A,">="&DATE($B$1,6,1),Log!$A:$A,"<"&DATE($B$1,7,1),Log!$D:$D,"Expense") | D9: =B9-C9
A10: =TEXT(DATE($B$1,7,1),"mmm yyyy") | B10: =SUMIFS(Log!$F:$F,Log!$A:$A,">="&DATE($B$1,7,1),Log!$A:$A,"<"&DATE($B$1,8,1),Log!$D:$D,"Income") | C10: =SUMIFS(Log!$F:$F,Log!$A:$A,">="&DATE($B$1,7,1),Log!$A:$A,"<"&DATE($B$1,8,1),Log!$D:$D,"Expense") | D10: =B10-C10
A11: =TEXT(DATE($B$1,8,1),"mmm yyyy") | B11: =SUMIFS(Log!$F:$F,Log!$A:$A,">="&DATE($B$1,8,1),Log!$A:$A,"<"&DATE($B$1,9,1),Log!$D:$D,"Income") | C11: =SUMIFS(Log!$F:$F,Log!$A:$A,">="&DATE($B$1,8,1),Log!$A:$A,"<"&DATE($B$1,9,1),Log!$D:$D,"Expense") | D11: =B11-C11
A12: =TEXT(DATE($B$1,9,1),"mmm yyyy") | B12: =SUMIFS(Log!$F:$F,Log!$A:$A,">="&DATE($B$1,9,1),Log!$A:$A,"<"&DATE($B$1,10,1),Log!$D:$D,"Income") | C12: =SUMIFS(Log!$F:$F,Log!$A:$A,">="&DATE($B$1,9,1),Log!$A:$A,"<"&DATE($B$1,10,1),Log!$D:$D,"Expense") | D12: =B12-C12
A13: =TEXT(DATE($B$1,10,1),"mmm yyyy") | B13: =SUMIFS(Log!$F:$F,Log!$A:$A,">="&DATE($B$1,10,1),Log!$A:$A,"<"&DATE($B$1,11,1),Log!$D:$D,"Income") | C13: =SUMIFS(Log!$F:$F,Log!$A:$A,">="&DATE($B$1,10,1),Log!$A:$A,"<"&DATE($B$1,11,1),Log!$D:$D,"Expense") | D13: =B13-C13
A14: =TEXT(DATE($B$1,11,1),"mmm yyyy") | B14: =SUMIFS(Log!$F:$F,Log!$A:$A,">="&DATE($B$1,11,1),Log!$A:$A,"<"&DATE($B$1,12,1),Log!$D:$D,"Income") | C14: =SUMIFS(Log!$F:$F,Log!$A:$A,">="&DATE($B$1,11,1),Log!$A:$A,"<"&DATE($B$1,12,1),Log!$D:$D,"Expense") | D14: =B14-C14
A15: =TEXT(DATE($B$1,12,1),"mmm yyyy") | B15: =SUMIFS(Log!$F:$F,Log!$A:$A,">="&DATE($B$1,12,1),Log!$A:$A,"<"&DATE($B$1,13,1),Log!$D:$D,"Income") | C15: =SUMIFS(Log!$F:$F,Log!$A:$A,">="&DATE($B$1,12,1),Log!$A:$A,"<"&DATE($B$1,13,1),Log!$D:$D,"Expense") | D15: =B15-C15
A16: YEAR TOTAL | B16: =SUM(B4:B15) | C16: =SUM(C4:C15) | D16: =SUM(D4:D15)
A18: Est. Tax Rate | B18: 0.25
A19: Est. Tax Owed | B19: =MAX(D16,0)*B18
